 Dungeon Crawl Stone Soup version 0.18-a0-9-gd4dcb6f (webtiles) character file.

25 Oddball22 the Grasshopper (level 2, -1/23 HPs)
             Began as a Demonspawn Warper on Nov 1, 2015.
             Slain by wojtek's ghost (2 damage)
             ... on level 4 of the Dungeon.
             The game lasted 00:03:14 (1327 turns).

Oddball22 the Grasshopper (Demonspawn Warper)       Turns: 1327, Time: 00:03:14

Health: -1/23      AC:  5    Str: 16    XL:     2   Next: 86%
Magic:  5/5        EV: 12    Int: 19    God:
Gold:   66         SH:  0    Dex: 12    Spells: 3 memorised, 0 levels left

rFire  . . .     SeeInvis .     a - +0 spear
rCold  . . .     Clarity  .     b - +0 leather armour
rNeg   . . .     SustAt   .     (no shield)
rPois  .         Gourm    .     (no helmet)
rElec  .         Spirit   .     (no cloak)
rCorr  .         Warding  .     (no gloves)
rMut   .         Stasis   .     (no boots)
MR     .....                    (no amulet)
Stlth  +.........               (no ring)
                                (no ring)

@: mighty, brilliant, not resistant to hostile enchantments, very unstealthy
A: yellow scales 1
a: no special abilities


You were on level 4 of the Dungeon.
You were not hungry.

You visited 1 branch of the dungeon, and saw 4 of its levels.

You collected 66 gold pieces.

Inventory:

Hand Weapons
 a - a +0 spear (weapon)
Missiles
 e - 5 tomahawks of dispersal (quivered)
Armour
 b - a +0 leather armour (worn)
Scrolls
 d - 2 scrolls of blinking
 g - 4 scrolls of identify {unknown}
 k - a scroll of noise {unknown}
 l - a scroll of enchant weapon {unknown}
 m - a scroll of remove curse {unknown}
Potions
 j - a potion of degeneration {unknown}
 n - a potion of invisibility {unknown}
Books
 c - a book of Spatial Translocations

   Spells                             Type                      Level
   a - Apportation                    Translocation                1
   b - Blink                          Translocation                2
   c - Shroud of Golubria             Charms/Translocation         2
   d - Portal Projectile              Translocation                3
   e - Teleport Other                 Translocation                3
   f - Passage of Golubria            Translocation                4
Comestibles
 f - 2 bread rations


   Skills:
 + Level 2.6 Fighting
 * Level 2.4 Polearms
 - Level 0.8 Throwing
 - Level 0.8 Armour
 + Level 2.1 Dodging
 - Level 2.0 Spellcasting
 - Level 2.6 Translocations


You couldn't memorise any spells.
You knew the following spells:

 Your Spells              Type           Power        Failure   Level  Hunger
a - Apportation           Tloc           ###.......   1%          1    #......
b - Blink                 Tloc           N/A          1%          2    ###....
c - Shroud of Golubria    Chrm/Tloc      ###.......   2%          2    ###....


Dungeon Overview and Level Annotations

Branches:
Dungeon (4/15)
 Temple: D:4-7

Altars:
Xom

Annotations:
D:3 twist's ghost, weakling DgFi
D:4 wojtek's ghost, amateur KoNe


Innate Abilities, Weirdness & Mutations

You are partially covered in yellow scales (AC +2).


Message History

You puncture wojtek's ghost!
Wojtek's ghost is moderately damaged.
Wojtek's ghost hits you.
You hit wojtek's ghost.
Wojtek's ghost is moderately damaged.
Wojtek's ghost barely misses you.
You miss wojtek's ghost.
Wojtek's ghost is moderately damaged.
Wojtek's ghost hits you. The worker ant bites you.
You barely miss the worker ant. Wojtek's ghost hits you.
The worker ant barely misses you.
You hit the worker ant but do no damage.
The worker ant bites you. Wojtek's ghost hits you.
* * * LOW HITPOINT WARNING * * *
You puncture the worker ant!
The worker ant is almost dead.
The worker ant bites you.
* * * LOW HITPOINT WARNING * * *
Wojtek's ghost hits you.
You die...

.......................
.......................
##.#......########.#.##
....<.....#####.......#
#..).........##.......#
.............##.......#
.............##......##..
####.........##..........
.......(......@W....#
...............a###.#
................#
.............###
..#####.....# #.....#
#.....# #......


You could see a worker ant and wojtek's ghost.

Vanquished Creatures
  5 goblins
  2 hobgoblins (D:1)
  4 jackals (D:1)
  7 bats
  3 kobolds (D:1)
  3 rats (D:1)
24 creatures vanquished.

Notes
Turn   | Place    | Note
--------------------------------------------------------------
     0 | D:1      | Oddball22 the Demonspawn Warper began the quest for the Orb.
     0 | D:1      | Reached XP level 1. HP: 16/16 MP: 3/3
   366 | D:1      | Gained mutation: You are partially covered in yellow scales (AC +2). [demonic ancestry]
   366 | D:1      | Reached XP level 2. HP: 22/22 MP: 5/5
   921 | D:1      | Learned a level 2 spell: Blink
   924 | D:1      | Learned a level 2 spell: Shroud of Golubria
  1116 | D:2      | Found a faded altar to an unknown god.
  1164 | D:2      | You fall through a shaft!
  1168 | D:3      | Noticed twist's ghost (weakling DgFi)
  1235 | D:4      | Found a shimmering altar of Xom.
  1317 | D:4      | Noticed wojtek's ghost (amateur KoNe)
  1327 | D:4      | HP: 1/23 [worker ant (1)]
  1327 | D:4      | Slain by wojtek's ghost

Vault maps used:
D:1:      minmay_arrival_arboretum_small, minmay_misc_feat_chi
D:2:      tgw_trog, old_standard_altar, okawaru_altar_gauntlet_db,
          ecumenical_altar_2, uniq_robin
D:3:      lemuel_round_altar, first_bread, minivault_5, nrook_mini_backslash
D:4:      lemuel_crystal_altar, kennysheep_generic_room_6

Action                   || total
-------------------------++-------
Melee: Spear             ||   127
  Use: Potion            ||     2
  Eat: Chunk             ||     1
